[ AOE2 MATCH · #506348366 ]
UnrankedItalians vs Khitans
Player's team · LOSS
Rival team · WIN
[ REPLAY ANALYSIS · EXTRACTED FROM THE RECORDED GAME ]
Feudal
9:57
Castle
23:40
Imperial
42:16
| APM avg | 42.4 |
| APM peak | 81 |
| eAPM avg | 18.5 |
| Villagers / military | 113 / 112 |
Focus
⚔️ 32.1% · 🌾 67.9%
Archer ×81 · Unknown (882) ×29 · Knight ×8 · Militia ×5 · Spearman ×5 · Skirmisher ×5
Feudal
9:17
Castle
22:14
Imperial
43:38
| APM avg | 34.5 |
| APM peak | 71 |
| eAPM avg | 20.2 |
| Villagers / military | 134 / 208 |
Focus
⚔️ 50.0% · 🌾 50.0%
Skirmisher ×92 · Steppe Lancer ×64 · Scout Cavalry ×45 · Camel Scout ×5 · Iron Pagoda ×1 · Trebuchet (Packed) ×1
Match map
Initial resources + every placement click. Lines = walls · curves = elevation contours. ◆ gold · ⬟ stone · ● berries · ✦ relic · ◌ wall gap
Your base· ✓ Closed at 23:40 · 13t walls · 1 gate(s)
Monkey_D_Luffy's base· ✓ Closed at 22:14 · 12t walls · 1 gate(s)
Smoothed initial terrain · ◌ = detected wall gap · hover for details
Inputs per minute
— theanswer5 - - Monkey_D_Luffy
Build order — theanswer5
First 150 of 392 actions detected
| 0:02 | Queue | Villager (Male) |
| 0:02 | Queue | Villager (Male) |
| 0:03 | Queue | Villager (Male) |
| 0:04 | Build | House |
| 0:06 | Build | House |
| 1:04 | Queue | Villager (Male) |
| 1:05 | Queue | Villager (Male) |
| 1:30 | Queue | Villager (Male) |
| 1:30 | Queue | Villager (Male) |
| 1:47 | Build | Lumber Camp |
| 1:57 | Queue | Villager (Male) |
| 2:25 | Queue | Villager (Male) |
| 2:58 | Queue | Villager (Male) |
| 2:58 | Queue | Villager (Male) |
| 3:21 | Queue | Villager (Male) |
| 3:43 | Queue | Villager (Male) |
| 4:09 | Build | House |
| 4:12 | Research | Loom |
| 4:26 | Queue | Villager (Male) |
| 4:27 | Queue | Villager (Male) |
| 5:11 | Build | Mining Camp |
| 5:18 | Queue | Villager (Male) |
| 5:38 | Queue | Villager (Male) |
| 6:06 | Queue | Villager (Male) |
| 6:27 | Build | House |
| 6:32 | Queue | Villager (Male) |
| 6:39 | Build | Palisade Wall |
| 6:43 | Build | Palisade Wall |
| 7:02 | Build | Barracks |
| 7:07 | Queue | Villager (Male) |
| 7:47 | Research | Feudal Age |
| 7:47 | Research | Feudal Age |
| 7:53 | Build | House |
| 7:55 | Queue | Militia |
| 7:55 | Queue | Militia |
| 8:06 | Queue | Militia |
| 8:18 | Build | Mill |
| 8:22 | Queue | Militia |
| 8:26 | Build | Palisade Wall |
| 8:29 | Build | Palisade Gate |
| 8:46 | Queue | Militia |
| 9:06 | Build | House |
| 9:16 | Queue | Villager (Male) |
| 9:41 | Build | Palisade Wall |
| 9:57 | Age | Feudal Age |
| 9:58 | Research | Man-at-Arms (upgrade) |
| 9:58 | Research | Man-at-Arms (upgrade) |
| 10:06 | Queue | Villager (Male) |
| 10:18 | Build | Archery Range |
| 10:33 | Queue | Villager (Male) |
| 10:55 | Queue | Villager (Male) |
| 10:58 | Research | Double-Bit Axe |
| 10:58 | Research | Double-Bit Axe |
| 11:18 | Queue | Spearman |
| 11:29 | Queue | Villager (Male) |
| 11:32 | Queue | Archer |
| 11:32 | Queue | Archer |
| 11:37 | Build | House |
| 11:45 | Queue | Spearman |
| 11:51 | Queue | Villager (Male) |
| 12:08 | Queue | Spearman |
| 12:15 | Build | House |
| 12:20 | Queue | Archer |
| 12:23 | Queue | Villager (Male) |
| 12:56 | Queue | Villager (Male) |
| 12:57 | Queue | Villager (Male) |
| 13:02 | Build | Lumber Camp |
| 13:07 | Queue | Archer |
| 13:28 | Build | Blacksmith |
| 13:30 | Queue | Villager (Male) |
| 13:33 | Queue | Archer |
| 13:52 | Build | Farm |
| 13:56 | Build | Farm |
| 13:58 | Queue | Villager (Male) |
| 14:01 | Queue | Archer |
| 14:09 | Build | Farm |
| 14:18 | Build | Farm |
| 14:27 | Queue | Villager (Male) |
| 14:32 | Research | Fletching |
| 14:39 | Queue | Villager (Male) |
| 14:43 | Build | Farm |
| 14:44 | Build | Farm |
| 15:00 | Build | House |
| 15:05 | Queue | Villager (Male) |
| 15:07 | Build | Farm |
| 15:22 | Queue | Archer |
| 15:23 | Queue | Archer |
| 15:32 | Build | Archery Range |
| 15:41 | Build | Watch Tower |
| 15:53 | Build | House |
| 15:58 | Queue | Villager (Male) |
| 15:58 | Queue | Villager (Male) |
| 16:10 | Build | Palisade Wall |
| 16:13 | Build | Palisade Wall |
| 16:23 | Queue | Archer |
| 16:23 | Queue | Archer |
| 16:30 | Build | Farm |
| 16:32 | Queue | Villager (Male) |
| 16:33 | Queue | Villager (Male) |
| 16:41 | Build | Farm |
| 16:42 | Build | Farm |
| 16:50 | Queue | Skirmisher |
| 16:51 | Research | Padded Archer Armor |
| 16:54 | Queue | Skirmisher |
| 16:54 | Queue | Skirmisher |
| 17:07 | Build | House |
| 17:21 | Build | House |
| 17:24 | Queue | Spearman |
| 17:24 | Queue | Spearman |
| 17:28 | Queue | Villager (Male) |
| 17:36 | Build | Farm |
| 17:47 | Queue | Villager (Male) |
| 18:37 | Queue | Villager (Male) |
| 18:38 | Queue | Villager (Male) |
| 18:58 | Build | House |
| 18:58 | Build | House |
| 19:21 | Queue | Archer |
| 19:21 | Queue | Archer |
| 19:24 | Queue | Archer |
| 19:24 | Queue | Archer |
| 19:24 | Queue | Archer |
| 19:39 | Build | Farm |
| 19:42 | Build | Farm |
| 19:45 | Build | Farm |
| 19:46 | Build | Farm |
| 19:49 | Build | Palisade Wall |
| 19:53 | Build | Farm |
| 20:01 | Build | Market |
| 20:02 | Queue | Villager (Male) |
| 20:02 | Queue | Villager (Male) |
| 20:17 | Queue | Skirmisher |
| 20:49 | Build | Stable |
| 20:58 | Build | Farm |
| 21:00 | Research | Castle Age |
| 21:05 | Queue | Archer |
| 21:07 | Queue | Skirmisher |
| 21:22 | Research | Gold Mining |
| 21:26 | Research | Horse Collar |
| 21:32 | Queue | Scout Cavalry |
| 21:44 | Queue | Archer |
| 21:46 | Queue | Archer |
| 21:47 | Queue | Archer |
| 22:47 | Build | House |
| 22:55 | Research | Bloodlines |
| 23:14 | Research | Scale Barding Armor |
| 23:15 | Research | Scale Barding Armor |
| 23:18 | Build | Farm |
| 23:33 | Build | Stable |
| 23:39 | Queue | Villager (Male) |
| 23:40 | Age | Castle Age |
Build order — Monkey_D_Luffy
First 150 of 493 actions detected
| 0:00 | Queue | Villager (Male) ×4 |
| 0:03 | Build | House |
| 0:04 | Build | House |
| 1:29 | Queue | Villager (Male) |
| 1:29 | Queue | Villager (Male) |
| 1:55 | Queue | Villager (Male) |
| 2:18 | Build | Lumber Camp |
| 2:21 | Queue | Villager (Male) |
| 2:21 | Queue | Villager (Male) |
| 2:51 | Queue | Villager (Male) |
| 3:21 | Queue | Villager (Male) |
| 3:27 | Build | House |
| 3:59 | Build | House |
| 4:09 | Queue | Villager (Male) |
| 4:18 | Queue | Villager (Male) |
| 4:19 | Queue | Villager (Male) |
| 4:56 | Queue | Villager (Male) |
| 5:04 | Queue | Villager (Male) |
| 5:29 | Build | Mill |
| 5:38 | Queue | Villager (Male) |
| 5:54 | Queue | Villager (Male) |
| 6:09 | Queue | Villager (Male) |
| 6:20 | Research | Loom |
| 7:07 | Research | Feudal Age |
| 7:14 | Build | Palisade Wall |
| 7:15 | Build | Palisade Wall |
| 7:17 | Build | Palisade Wall |
| 7:19 | Build | Palisade Wall |
| 7:25 | Build | House |
| 7:27 | Build | Palisade Wall |
| 7:28 | Build | Palisade Wall |
| 7:30 | Build | Palisade Wall |
| 7:31 | Build | Palisade Wall |
| 7:32 | Build | Palisade Wall |
| 7:38 | Build | Palisade Wall |
| 7:38 | Build | Palisade Wall |
| 7:59 | Build | Palisade Wall |
| 8:30 | Build | Barracks |
| 8:59 | Queue | Villager (Male) |
| 9:17 | Age | Feudal Age |
| 9:20 | Build | Stable |
| 9:23 | Research | Double-Bit Axe |
| 9:24 | Queue | Villager (Male) |
| 10:08 | Build | Blacksmith |
| 10:09 | Queue | Villager (Male) |
| 10:14 | Build | House |
| 10:19 | Queue | Scout Cavalry |
| 10:20 | Queue | Scout Cavalry |
| 10:22 | Queue | Villager (Male) |
| 10:39 | Queue | Villager (Male) |
| 10:59 | Build | Archery Range |
| 11:03 | Queue | Villager (Male) |
| 11:13 | Queue | Scout Cavalry |
| 11:21 | Research | Forging |
| 11:40 | Queue | Villager (Male) |
| 11:46 | Build | Pasture |
| 11:56 | Build | House |
| 11:57 | Queue | Skirmisher |
| 12:05 | Queue | Villager (Male) |
| 12:10 | Build | Pasture |
| 12:55 | Queue | Villager (Male) |
| 12:55 | Queue | Scout Cavalry |
| 13:09 | Queue | Skirmisher |
| 13:11 | Build | House |
| 13:12 | Queue | Villager (Male) |
| 13:23 | Build | Pasture |
| 13:30 | Queue | Skirmisher |
| 13:34 | Research | Fletching |
| 13:46 | Queue | Villager (Male) |
| 13:58 | Build | Palisade Gate |
| 14:08 | Queue | Villager (Male) |
| 14:15 | Build | Pasture |
| 14:23 | Queue | Villager (Male) |
| 14:29 | Queue | Skirmisher |
| 14:30 | Queue | Skirmisher |
| 14:31 | Queue | Skirmisher |
| 14:58 | Queue | Villager (Male) |
| 15:04 | Build | Pasture |
| 15:16 | Queue | Villager (Male) |
| 15:30 | Build | Pasture |
| 15:34 | Queue | Villager (Male) |
| 15:53 | Queue | Villager (Male) |
| 15:56 | Build | Mining Camp |
| 16:15 | Build | Pasture |
| 16:19 | Build | House |
| 16:29 | Queue | Villager (Male) |
| 16:41 | Build | Lumber Camp |
| 16:43 | Queue | Villager (Male) |
| 16:54 | Build | House |
| 16:56 | Queue | Skirmisher |
| 16:56 | Queue | Skirmisher |
| 17:29 | Queue | Villager (Male) |
| 17:44 | Build | Pasture |
| 18:08 | Queue | Villager (Male) |
| 18:19 | Queue | Villager (Male) |
| 18:23 | Queue | Skirmisher |
| 18:46 | Queue | Skirmisher |
| 18:51 | Queue | Villager (Male) |
| 18:55 | Build | Market |
| 19:02 | Queue | Skirmisher |
| 19:34 | Research | Castle Age |
| 19:35 | Research | Castle Age |
| 19:40 | Build | Pasture |
| 19:44 | Queue | Scout Cavalry |
| 19:46 | Queue | Skirmisher |
| 19:52 | Research | Padded Archer Armor |
| 20:21 | Queue | Villager (Male) |
| 20:34 | Queue | Skirmisher |
| 20:35 | Queue | Skirmisher |
| 20:36 | Queue | Skirmisher |
| 20:45 | Queue | Scout Cavalry |
| 20:46 | Queue | Scout Cavalry |
| 20:53 | Build | Stable |
| 20:58 | Queue | Scout Cavalry |
| 21:01 | Queue | Skirmisher |
| 21:02 | Queue | Skirmisher |
| 21:13 | Queue | Scout Cavalry |
| 21:45 | Research | Scale Barding Armor |
| 21:50 | Queue | Skirmisher |
| 21:56 | Queue | Scout Cavalry |
| 22:14 | Age | Castle Age |
| 22:55 | Queue | Villager (Male) |
| 22:56 | Queue | Villager (Male) |
| 22:58 | Build | Town Center |
| 23:01 | Research | Light Cavalry (upgrade) |
| 23:09 | Queue | Skirmisher |
| 23:13 | Queue | Villager (Male) |
| 23:17 | Build | House |
| 23:19 | Build | House |
| 23:30 | Research | Iron Casting |
| 23:31 | Research | Iron Casting |
| 23:35 | Queue | Skirmisher |
| 23:43 | Queue | Villager (Male) |
| 23:59 | Queue | Villager (Male) |
| 24:05 | Queue | Villager (Male) |
| 24:06 | Queue | Villager (Male) |
| 25:21 | Queue | Villager (Male) |
| 25:23 | Queue | Villager (Male) |
| 25:31 | Build | Town Center |
| 25:54 | Queue | Steppe Lancer |
| 25:55 | Queue | Steppe Lancer |
| 25:55 | Queue | Steppe Lancer |
| 25:56 | Queue | Steppe Lancer |
| 25:56 | Queue | Steppe Lancer |
| 25:56 | Queue | Steppe Lancer |
| 25:58 | Queue | Villager (Male) |
| 25:59 | Queue | Villager (Male) |
| 26:06 | Build | Pasture |
| 26:12 | Queue | Steppe Lancer |
| 26:12 | Queue | Steppe Lancer |
Match timeline
| 6:39 | theanswer5 · wall_segment Palisade Wall x1 |
| 6:43 | theanswer5 · wall_segment Palisade Wall x1 |
| 7:02 | theanswer5 · first_building Barracks |
| 7:14 | Monkey_D_Luffy · wall_segment Palisade Wall x1 |
| 7:15 | Monkey_D_Luffy · wall_segment Palisade Wall x1 |
| 7:17 | Monkey_D_Luffy · wall_segment Palisade Wall x1 |
| 7:19 | Monkey_D_Luffy · wall_segment Palisade Wall x1 |
| 7:27 | Monkey_D_Luffy · wall_segment Palisade Wall x1 |
| 7:28 | Monkey_D_Luffy · wall_segment Palisade Wall x1 |
| 7:30 | Monkey_D_Luffy · wall_segment Palisade Wall x1 |
| 7:31 | Monkey_D_Luffy · wall_segment Palisade Wall x1 |
| 7:32 | Monkey_D_Luffy · wall_segment Palisade Wall x1 |
| 7:38 | Monkey_D_Luffy · wall_segment Palisade Wall x1 |
| 7:38 | Monkey_D_Luffy · wall_segment Palisade Wall x1 |
| 7:59 | Monkey_D_Luffy · wall_segment Palisade Wall x1 |
| 8:26 | theanswer5 · wall_segment Palisade Wall x5 |
| 8:30 | Monkey_D_Luffy · first_building Barracks |
| 9:17 | Monkey_D_Luffy · age_up feudal |
| 9:20 | Monkey_D_Luffy · first_building Stable |
| 9:41 | theanswer5 · wall_segment Palisade Wall x3 |
| 9:57 | theanswer5 · age_up feudal |
| 10:18 | theanswer5 · first_building Archery Range |
| 10:59 | Monkey_D_Luffy · first_building Archery Range |
| 16:10 | theanswer5 · wall_segment Palisade Wall x1 |
| 16:13 | theanswer5 · wall_segment Palisade Wall x1 |
| 19:33 | Monkey_D_Luffy · first_market_sell 100 food |
| 19:49 | theanswer5 · wall_segment Palisade Wall x1 |
| 20:49 | theanswer5 · first_building Stable |
| 20:53 | theanswer5 · first_market_buy 100 food |
| 22:14 | Monkey_D_Luffy · age_up castle |
| 23:40 | theanswer5 · age_up castle |
| 26:09 | theanswer5 · wall_segment Palisade Wall x9 |
| 27:27 | Monkey_D_Luffy · first_market_buy 100 food |
| 27:43 | theanswer5 · wall_segment Palisade Wall x1 |
| 28:46 | theanswer5 · wall_segment Palisade Wall x1 |
| 35:23 | Monkey_D_Luffy · first_building Siege Workshop |
| 37:39 | theanswer5 · first_building Monastery |
| 39:35 | theanswer5 · first_building Castle |
| 39:45 | Monkey_D_Luffy · first_building Monastery |
| 41:15 | Monkey_D_Luffy · first_building Castle |
| 42:16 | theanswer5 · age_up imperial |
| 42:43 | theanswer5 · first_market_sell 100 stone |
| 43:38 | Monkey_D_Luffy · age_up imperial |
| 48:33 | Monkey_D_Luffy · wall_segment Palisade Wall x1 |
| 48:34 | Monkey_D_Luffy · wall_segment Palisade Wall x1 |
| 48:36 | Monkey_D_Luffy · wall_segment Palisade Wall x1 |
| 48:38 | Monkey_D_Luffy · wall_segment Palisade Wall x1 |
| 48:41 | Monkey_D_Luffy · wall_segment Palisade Wall x1 |
| 48:42 | Monkey_D_Luffy · wall_segment Palisade Wall x1 |
| 50:32 | theanswer5 · resign |
[ AI ANALYSIS · 1 CREDIT ]
What really happened in this match?
Wolo.gg analyzes every decision: build order, eco, micro, common mistakes by bracket. Personalized analysis on WhatsApp or Discord in 30 seconds.
Civ guide
Italians
Perfil
Jugador #16931029